 Dungeon Crawl Stone Soup version 0.31-a0-536-ga3e2962e35 (console) character file.

Game seed: 12318974858671690457

49 Lexodia the Cudgeller (level 3, -2/55 HPs)
             Began as an Ogre Gladiator on Aug 13, 2023.
             Slain by a hobgoblin (3 damage)
             ... led by Robin
             ... on level 2 of the Dungeon.
             The game lasted 00:02:42 (1162 turns).

Lexodia the Cudgeller (Ogre Gladiator)              Turns: 1162, Time: 00:02:43

Health: -2/55      AC:  3    Str: 20    XL:     3   Next: 75%
Magic:  3/3        EV: 10    Int:  9    God:
Gold:   95         SH:  0    Dex: 10    Spells: 2/2 levels left

rFire   . . .        a - +0 flail
rCold   . . .        (no shield)
rNeg    . . .        b - +0 robe
rPois   .            c - +0 hat
rElec   .            (no cloak)
rCorr   .            (gloves unavailable)
SInv    .            (boots unavailable)
Will    .....        (no amulet) Stlth
                     (no ring)
HPRegen 0.29/turn    (no ring)
MPRegen 0.08/turn

%: no passive effects
@: brilliant, berserking, very quick
A: large, unfitting armour, tough skin 1
a: no special abilities


You were on level 2 of the Dungeon.
You visited 1 branch of the dungeon, and saw 2 of its levels.

You collected 95 gold pieces.

Inventory:

Hand Weapons
 a - a +0 flail (weapon)
Missiles
 d - 2 throwing nets (quivered)
 e - 5 large rocks
 l - 7 stones
 m - 4 boomerangs
Armour
 b - a +0 robe (worn)
 c - a +0 hat (worn)
Scrolls
 g - a scroll of teleportation {unknown}
 j - a scroll of revelation {unknown}
Potions
 f - a potion of curing
 h - a potion of brilliance
 i - a potion of might {unknown}
 k - a potion of magic {unknown}
 n - a potion of berserk rage
 o - a potion of heal wounds {unknown}


   Skills:
 - Level 3.0 Fighting
 * Level 3.5 Maces & Flails
 + Level 2.6 Throwing
 - Level 3.0 Dodging


You had 2 spell levels left.
You didn't know any spells.
Your spell library contained the following spells:

 Spells                   Type           Power      Damage    Failure   Level
 Dazzling Flash           Conj/Hex       0%         N/A       77%         3
 Volatile Blastmotes      Fire/Tloc      0%         2d10      77%         3
 Starburst                Conj/Fire      0%         6d3       100%        6
 Maxwell's Capacitive Co  Air            0%         ∞         100%        8


Dungeon Overview and Level Annotations

Branches:
Dungeon (2/15)

Altars:

Annotations:
D:2 Robin


Innate Abilities, Weirdness & Mutations

You are too large for most types of armour.
You have tough skin. (AC +1)


Message History

Robin roars a battlecry!
The hobgoblin goes into a battle-frenzy!
You hit the goblin.
You kill the goblin!
The hobgoblin no longer looks unusually strong.
Robin barely misses you.
You see here a +0 dagger.
Robin roars a battlecry!
The hobgoblin goes into a battle-frenzy!
The goblin no longer looks unusually strong.
The goblin hits you but does no damage.
You thump the goblin!
You kill the goblin!
You barely miss the hobgoblin.
Robin hits you from afar with a +0 trident.
* * * LOW HITPOINT WARNING * * *
The hobgoblin closely misses you. The hobgoblin barely misses you.
Robin's bangles clink loudly.
Robin throws the goblin at you!
Huge Dmg: -14%(-5hp) hp: 19%(7hp)
You barely miss the hobgoblin. The hobgoblin hits you.
* * * LOW HITPOINT WARNING * * *
Robin hits you but does no damage. The goblin hits you but does no damage.
Huge Dmg: -16%(-6hp) hp: 3%(1hp) It was a potion of berserk rage.
A red film seems to cover your vision as you go berserk!
You feel yourself moving faster!
You feel mighty!
The goblin no longer looks unusually strong.
The hobgoblin no longer looks unusually strong.
The hobgoblin barely misses you. Robin hits you but does no damage.
The hobgoblin barely misses you. The goblin barely misses you.
You closely miss the goblin. The hobgoblin barely misses you. x2
Robin closely misses you. The goblin barely misses you.
You closely miss the goblin. You barely miss the goblin.
The hobgoblin no longer looks unusually strong.
The hobgoblin hits you.
* * * LOW HITPOINT WARNING * * *
The hobgoblin hits you.
You die...

### #.# ###### #.# #....#
#.# #....# #.####g...#
#.).g@r...# #.####g...# #.#
#g...#
#########.####....#####.###
..........gg.....)....gg..r
..........#####.#######.###
..................
#######.##.####.### #.# .#
#.#


You could see Robin, 2 hobgoblins, a goblin and a rat.

Vanquished Creatures
  A gnoll (D:1)
  A dart slug (D:1)
  4 endoplasms (D:1)
  A giant cockroach (D:1)
  10 goblins
  4 hobgoblins (D:1)
  A quokka (D:2)
  2 ball pythons (D:1)
  3 bats
  A frilled lizard (D:1)
  2 kobolds (D:1)
  2 rats (D:1)
32 creatures vanquished.

Notes
Turn   | Place    | Note
-------+----------+-------------------------------------------
     0 | D:1      | Lexodia the Ogre Gladiator began the quest for the Orb.
     0 | D:1      | Reached XP level 1. HP: 22/22 MP: 1/1
   173 | D:1      | Reached XP level 2. HP: 29/29 MP: 2/2
   454 | D:1      | Huge Dmg: 6 dmg
   460 | D:1      | Huge Dmg: 5 dmg
   461 | D:1      | Huge Dmg: 5 dmg
   462 | D:1      | Reached XP level 3. HP: 7/37 MP: 3/3
  1121 | D:2      | Noticed Robin
  1135 | D:2      | Huge Dmg: 9 dmg
  1137 | D:2      | Huge Dmg: 6 dmg
  1140 | D:2      | Huge Dmg: 6 dmg
  1141 | D:2      | Huge Dmg: 3 dmg
  1158 | D:2      | Huge Dmg: 5 dmg
  1158 | D:2      | HP: 1/37 [hobgoblin[Robin] (6)]
  1159 | D:2      | Huge Dmg: 6 dmg
  1162 | D:2      | Slain by a hobgoblin

Illustrated notes

Levels and vault maps discovered:
D:1:      lemuel_arrival_funnel, layout_loops_ring
D:2:      layout_basic, kennysheep_doodads, minmay_misc_feat_nine_boxes,
          uniq_robin

Skill      XL: |  1  2  3 |
---------------+----------+-----
Fighting       | 3 |  3.0
Maces & Flails | 3 |  3.5
Dodging        | 3 |  3.0
Throwing       | |  2.6

Action                     || total
---------------------------++-------
  Melee: Flail             ||   100
  Throw: Throwing net      ||     1
    Use: Potion            ||     3
   Stab: Held in net/web   ||     1
 Armour: Robe              ||    42
  Dodge: Dodged            ||    63

Table legend: (Time is in decaauts)
 A = Elapsed time spent in this place.
 B = Non-inter-level travel time spent in this place.
 C = Inter-level travel time spent in this place.
 D = Time resting spent in this place.
 E = Time spent auto-exploring this place.
 F = Levels seen in this place.
 G = Mean time per level.
                   A        B        C        D        E       F      G
               +--------+--------+--------+--------+--------+-----+--------+
         Total |   1184 |   1144 |     40 |      0 |    887 |   2 |  592.0 |
       Dungeon |   1184 |   1144 |     40 |      0 |    887 |   2 |  592.0 |
               +--------+--------+--------+--------+--------+-----+--------+

Top non-repeatable levels by time:
     D:1: 1037 daAuts
     D:2: 146 daAuts
